 Dungeon Crawl Stone Soup version 0.21.1-1-g345015fe64 (webtiles) character file.

63723 KleinerIrrer the Brawler (level 14, 0/136 HPs)
             Began as a Troll Monk on Apr 4, 2018.
             Was the Champion of Cheibriados.
             Slain by a 14-headed hydra (15 damage)
             ... on level 5 of the Lair of Beasts.
             The game lasted 00:03:11 (14389 turns).

KleinerIrrer the Brawler (Troll Monk)              Turns: 14389, Time: 00:03:12

Health: 0/136      AC:  9    Str: 41    XL:     14   Next: 69%
Magic:  0/19       EV: 16    Int: 21    God:    Cheibriados [******]
Gold:   934        SH: 21    Dex: 27    Spells: 13/13 levels left

rFire    . . .     SeeInvis +     - Unarmed
rCold    + . .     Gourm    +   c - +0 large shield
rNeg     . . .     Faith    .   l - +1 robe {rC+}
rPois    +         Spirit   +   (helmet restricted)
rElec    +         Reflect  .   e - +2 cloak
rCorr    .         Harm     .   (gloves unavailable)
MR       +....                  (boots unavailable)
Stlth    ++........             q - amulet of guardian spirit
HPRegen  0.72/turn              v - ring "Dyvymaru" {rElec SInv}
MPRegen  0.16/turn              i - ring of poison resistance

@: about to teleport, very slow
A: large, unfitting armour, claws 3, fast metabolism 3, gourmand, regeneration
1, shaggy fur 1, tough skin 2
a: Bend Time, Temporal Distortion, Slouch, Step From Time, Renounce Religion


You were on level 5 of the Lair of Beasts.
You worshipped Cheibriados.
Cheibriados was exalted by your worship.
You were completely stuffed.

You visited 3 branches of the dungeon, and saw 17 of its levels.

You collected 1012 gold pieces.
You spent 78 gold pieces at shops.


Innate Abilities, Weirdness & Mutations

You are too large for most types of armour.
You have claws for hands.
Your metabolism is lightning-fast.
You like to eat raw meat.
Your natural rate of healing is unusually fast.
You are covered in fur. (AC +1)
You have very tough skin. (AC +2)


   Skills:
 - Level 8.0 Fighting
 - Level 1.3 Armour
 - Level 8.7 Dodging
 - Level 1.0 Stealth
 + Level 7.2 Shields
 - Level 15.2 Unarmed Combat
 - Level 8.0 Invocations


You had 13 spell levels left.
You didn't know any spells.

Inventory:

Missiles
 n - 5 javelins (quivered)
 t - 4 poisoned tomahawks
 u - a tomahawk
Armour
 c - a +0 large shield (worn)
 e - a +2 cloak (worn)
 l - a +1 robe of cold resistance (worn)
 p - a +2 robe
Jewellery
 i - a ring of poison resistance (right claw)
 j - an uncursed ring of resist corrosion
 m - an uncursed ring of protection from cold
 q - an amulet of guardian spirit (around neck)
 s - an uncursed ring of fire
 v - the ring "Dyvymaru" (left claw) {rElec SInv}
   (You found it on level 3 of the Lair of Beasts)

   [ring of see invisible]

   It insulates you from electricity.
   It lets you see invisible.
Wands
 w - a wand of digging (7)
Scrolls
 a - 4 scrolls of identify
 d - 5 scrolls of teleportation
 o - 10 scrolls of remove curse
 x - a scroll of enchant armour
Potions
 g - 6 potions of curing
 h - 2 potions of heal wounds
 k - 4 potions of haste
 r - a potion of mutation
Comestibles
 b - 43 rations
 f - 2 chunks of flesh

Dungeon Overview and Level Annotations

Branches:
Dungeon (11/15)            Temple (1/1) D:7            Lair (5/6) D:11
 Shoals (0/4) Lair:4        Snake (0/4) Lair:3
  Slime: Lair:5-6       Orc: D:9-12

Altars:
Ashenzari
Cheibriados
Dithmenos
Elyvilon
Fedhas
Gozag
Hepliaklqana
Kikubaaqudgha
Makhleb
Nemelex Xobeh
Okawaru
Qazlal
Ru
Sif Muna
Trog
Uskayaw
Vehumet
Wu Jian
Xom
Yredelemnul
Zin
The Shining One

Shops:
D:7 *   D:9 %

Portals:
Trove: D:10 (give +6 demon blade)

Annotations:
D:5 2 transporters
D:9 1 runed door


Message History

The 13-headed hydra is heavily wounded.
You tear one of the 13-headed hydra's heads off!
The 12-headed hydra grows two more!
You scratch the 14-headed hydra.
The 14-headed hydra is heavily wounded.
You block the 14-headed hydra's attack. x2
The 14-headed hydra closely misses you. The 14-headed hydra barely misses you.
You block the 14-headed hydra's attack.
The 14-headed hydra bites you but does no damage.
The 14-headed hydra bites you.
The 14-headed hydra bites you but does no damage.
The 14-headed hydra misses you. The 14-headed hydra bites you!
The 14-headed hydra closely misses you. You block the 14-headed hydra's attack.
The 14-headed hydra bites you!
The 14-headed hydra bites you but does no damage.
14389 ||| READING 6 scrolls of teleportation.
As you read the scroll of teleportation, it crumbles to dust.
You feel strangely unstable. The 14-headed hydra closely misses you.
The 14-headed hydra bites you. The 14-headed hydra bites you!
You die...

....# ### #.. ....## ###.###..
......# ##..#.#.PP ......###
###......... ........####
###........... .......#.#.#
##.#........... ..........###
#..............
.......#....#######.............#
<...........#.##@...............#
.......#.##....D.#..(..........#.
..[..#.#####...#.#..............#
....#.##P....(..[..............P#
###.#####...(#...................
### #........#.................
....(........###......#....
........(....# #P....#.....
............## ######..##..


You could see a 14-headed hydra.

Vanquished Creatures
  2 hydras
  A two-headed ogre (D:11)
  A harpy (shapeshifter) (D:8)
  2 oklob plants (Lair:2)
  An ugly thing (D:11)
  Pikel (D:6)
  A merfolk siren (Lair:4)
  Maurice (D:8)
  A black mamba (Lair:5)
  Joseph (D:8)
  Psyche (D:8)
  The ghost of KleinerIrrer the Chopper, a novice FoFi (D:5)
  6 spiny frogs
  2 komodo dragons
  2 rime drakes
  3 trolls
  A queen bee (D:11)
  2 hornets (D:9)
  9 blink frogs
  5 hippogriffs
  A wyvern (Lair:4)
  A vampire (D:10)
  6 yaks
  A basilisk (Lair:5)
  The ghost of Schimscham the Charmwright, an amateur GnSk (D:3)
  A hungry ghost (D:9)
  Eustachio (D:6)
  2 wargs (D:11)
  3 nagas (Lair:3)
  9 swamp worms (Lair:3)
  A soldier ant (D:9)
  6 water moccasins
  7 porcupines
  Duvessa (D:4)
  2 ice beasts
  A black bear (D:10)
  6 orc warriors
  2 sky beasts
  5 phantoms
  4 ogres
  9 wolves
  5 crocodiles
  5 centaurs
  A gnoll sergeant (D:9)
  A wyvern zombie (D:7)
  12 bullfrogs
  A scorpion (D:10)
  A wyvern skeleton (D:6)
  Dowan (D:4)
  33 killer bees
  4 jellies
  3 crimson imps
  2 centaur zombies
  A bullfrog zombie (D:6)
  2 hounds (D:8)
  9 orc priests
  14 orc wizards
  2 centaur skeletons
  Natasha (thrice) (D:3)
  2 iguanas
  11 worker ants
  6 hell rats (Lair:3)
  A killer bee zombie (D:8)
  3 hound zombies
  2 hound skeletons
  10 gnolls
  10 adders
  A howler monkey skeleton (D:4)
  2 shadow imps
  An ooze (D:1)
  An adder zombie (D:8)
  An adder skeleton (D:5)
  9 worms
  3 dart slugs
  7 leopard geckos
  69 orcs
  3 giant cockroaches
  9 goblins
  3 hobgoblins
  10 jackals
  9 quokkas
  A ball python (D:2)
  3 bats
  5 frilled lizards
  4 kobolds
  2 leopard gecko skeletons (D:7)
  7 rats
  A butterfly (Lair:2)
410 creatures vanquished.

Vanquished Creatures (others)
  10 fungi
  7 plants
17 creatures vanquished.

Grand Total: 427 creatures vanquished

Notes
Turn   | Place    | Note
-------+----------+-------------------------------------------
     0 | D:1      | KleinerIrrer the Troll Monk began the quest for the Orb.
     0 | D:1      | Reached XP level 1. HP: 22/22 MP: 0/0
     0 | D:1      | 0 ||| counter = 32
   108 | D:1      | Reached XP level 2. HP: 29/29 MP: 1/1
   360 | D:1      | Reached skill level 4 in Unarmed Combat
   496 | D:1      | Reached XP level 3. HP: 36/36 MP: 2/2
   746 | D:1      | 746 ||| UPGRADING to cloak.
   751 | D:1      | 751 ||| READING scroll labeled TUBA QIENT.
   752 | D:1      | 752 ||| READING scroll labeled WAOCIU HYALEPE.
   788 | D:2      | 788 ||| STAIRDANCE
   804 | D:2      | 804 ||| STAIRDANCE
   979 | D:2      | Found a snail-covered altar of Cheibriados.
   984 | D:2      | Became a worshipper of Cheibriados the Contemplative
   984 | D:2      | Reached * piety under Cheibriados
   984 | D:2      | Reached ** piety under Cheibriados
   994 | D:2      | Found a basalt altar of Yredelemnul.
  1041 | D:2      | Reached XP level 4. HP: 43/44 MP: 3/3
  1200 | D:2      | Reached skill level 5 in Unarmed Combat
  1219 | D:2      | Found a faded altar of an unknown god.
  1503 | D:2      | 1503 ||| READING 2 scrolls labeled JIJUAR VEEPOGG.
  1505 | D:2      | 1505 ||| READING 2 scrolls labeled ZOADOLESOH.
  1506 | D:2      | 1506 ||| READING scroll of identify.
  1506 | D:2      | 1506 ||| IDENTIFYING dented cabochon amulet
  1507 | D:2      | 1507 ||| DROPPING amulet of harm.
  1508 | D:2      | 1508 ||| DROPPING scroll of blinking.
  1747 | D:3      | Reached XP level 5. HP: 50/50 MP: 4/4
  1755 | D:3      | Reached skill level 6 in Unarmed Combat
  1842 | D:3      | Noticed Natasha
  1847 | D:3      | Killed Natasha
  1847 | D:3      | Reached *** piety under Cheibriados
  1851 | D:3      | Noticed Natasha
  1856 | D:3      | Killed Natasha
  1862 | D:3      | Noticed Natasha
  1863 | D:3      | 1863 ||| Stepping ~*~*~tactically~*~*~ (outnumbered).
  1864 | D:3      | 1864 ||| Stepping ~*~*~tactically~*~*~ (outnumbered).
  1872 | D:3      | Killed Natasha
  1916 | D:3      | Noticed Schimscham's ghost (amateur GnSk)
  1925 | D:3      | 1925 ||| Stepping ~*~*~tactically~*~*~ (outnumbered).
  1926 | D:3      | 1926 ||| Stepping ~*~*~tactically~*~*~ (outnumbered).
  1927 | D:3      | 1927 ||| Stepping ~*~*~tactically~*~*~ (outnumbered).
  1929 | D:3      | Killed Schimscham's ghost
  1929 | D:3      | Reached skill level 7 in Unarmed Combat
  1929 | D:3      | Reached XP level 6. HP: 47/59 MP: 5/5
  2192 | D:3      | 2192 ||| READING scroll labeled ICE QYFRYRUN.
  2195 | D:3      | 2195 ||| DRINKING 2 viscous golden potions.
  2196 | D:3      | 2196 ||| DRINKING 3 ruby potions.
  2197 | D:3      | 2197 ||| READING scroll of identify.
  2197 | D:3      | 2197 ||| IDENTIFYING lumpy amethyst amulet
  2198 | D:3      | 2198 ||| UPGRADING to amulet of guardian spirit.
  2336 | D:4      | Noticed Dowan
  2341 | D:4      | Reached skill level 8 in Unarmed Combat
  2341 | D:4      | Reached XP level 7. HP: 56/66 MP: 3/6
  2356 | D:4      | Killed Dowan
  2356 | D:4      | Reached skill level 3 in Fighting
  2363 | D:4      | Reached **** piety under Cheibriados
  2378 | D:4      | Noticed Duvessa
  2390 | D:4      | HP: 10/67 [Duvessa/rapier (10)]
  2391 | D:4      | 2391 ||| DRINKING 2 potions of heal wounds.
  2395 | D:4      | Killed Duvessa
  2499 | D:4      | Found an iron altar of Okawaru.
  2502 | D:4      | Found a hide-covered altar of Uskayaw.
  2503 | D:4      | Found a burning altar of Makhleb.
  2506 | D:4      | Found a white marble altar of Elyvilon.
  3019 | D:4      | 3019 ||| READING scroll labeled LUNLIWK GEQYRO.
  3020 | D:4      | 3020 ||| READING 2 scrolls labeled HUTOZIBUOTO.
  3021 | D:4      | 3021 ||| READING scroll labeled UGRORU EJANONK.
  3022 | D:4      | 3022 ||| DRINKING 2 viscous amethyst potions.
  3023 | D:4      | 3023 ||| DRINKING 2 pink potions.
  3024 | D:4      | 3024 ||| DRINKING 3 viscous puce potions.
  3025 | D:4      | 3025 ||| READING 2 scrolls of identify.
  3025 | D:4      | 3025 ||| IDENTIFYING notched cabochon ring
  3026 | D:4      | 3026 ||| DROPPING potion of brilliance.
  3027 | D:4      | 3027 ||| DROPPING 2 potions of degeneration.
  3028 | D:4      | 3028 ||| DROPPING scroll of random uselessness.
  3043 | D:5      | Entered Level 5 of the Dungeon
  3085 | D:5      | Reached skill level 9 in Unarmed Combat
  3135 | D:5      | Found a transporter.
  3140 | D:5      | Found a hazy altar of Hepliaklqana.
  3300 | D:5      | Reached skill level 3 in Dodging
  3300 | D:5      | Reached XP level 8. HP: 75/75 MP: 5/7
  3570 | D:5      | Noticed KleinerIrrer's ghost (novice FoFi)
  3589 | D:5      | Killed KleinerIrrer's ghost
  3589 | D:5      | Reached skill level 10 in Unarmed Combat
  3775 | D:5      | Found a transporter.
  3883 | D:5      | 3883 ||| UPGRADING to large shield.
  3888 | D:5      | 3888 ||| READING scroll labeled ROT JUM YSEXI.
  3889 | D:5      | 3889 ||| DRINKING 2 lumpy ruby potions.
  3890 | D:5      | 3890 ||| READING scroll of identify.
  3890 | D:5      | 3890 ||| IDENTIFYING twisted agate ring
  3891 | D:5      | 3891 ||| DROPPING ring of magical power.
  3892 | D:5      | 3892 ||| DROPPING potion of flight.
  3917 | D:6      | 3917 ||| STAIRDANCE
  3950 | D:6      | Reached skill level 1 in Shields
  4156 | D:6      | 4156 ||| READING scroll of enchant armour.
  4156 | D:6      | 4156 ||| ENCHANTING +0 cloak.
  4205 | D:6      | Reached ***** piety under Cheibriados
  4209 | D:6      | Noticed Pikel
  4212 | D:6      | Killed Pikel
  4212 | D:6      | Reached skill level 3 in Shields
  4212 | D:6      | Reached XP level 9. HP: 76/83 MP: 7/9
  4217 | D:6      | Noticed Eustachio
  4223 | D:6      | 4223 ||| Stepping ~*~*~tactically~*~*~ (outnumbered).
  4228 | D:6      | Killed Eustachio
  4350 | D:6      | 4350 ||| UPGRADING to embroidered robe.
  4360 | D:6      | 4360 ||| DROPPING +0 robe.
  4361 | D:6      | 4361 ||| READING scroll labeled CENUXK RIOCS.
  4362 | D:6      | 4362 ||| READING scroll of identify.
  4362 | D:6      | 4362 ||| IDENTIFYING blackened onyx ring
  4363 | D:6      | 4363 ||| UPGRADING to ring of poison resistance.
  4406 | D:7      | Reached skill level 3 in Invocations
  4479 | D:7      | 4479 ||| READING scroll of enchant armour.
  4479 | D:7      | 4479 ||| ENCHANTING +1 cloak.
  4622 | D:7      | 4622 ||| Stepping ~*~*~tactically~*~*~ (outnumbered).
  4625 | D:7      | 4625 ||| DRINKING 4 potions of curing.
  4625 | D:7      | 4625 ||| (to cure confusion)
  4646 | D:7      | Found a staircase to the Ecumenical Temple.
  4655 | Temple   | Entered the Ecumenical Temple
  4656 | Temple   | 4656 ||| Entered T.
  4935 | D:7      | You fall through a shaft for 2 floors!
  4935 | D:9      | Found an opulent altar of Gozag.
  4936 | D:9      | 4936 ||| Shafted from D:7 to D:9.
  5004 | D:9      | Found Deikavvi's Food Shop.
  5329 | D:8      | Noticed Joseph
  5344 | D:8      | Killed Joseph
  5464 | D:8      | Noticed Maurice
  5468 | D:8      | Reached XP level 10. HP: 91/92 MP: 13/13
  5473 | D:8      | 5473 ||| Stepping ~*~*~tactically~*~*~ (outnumbered).
  5477 | D:8      | Killed Maurice
  5477 | D:8      | Reached skill level 6 in Invocations
  5513 | D:8      | Found a burning altar of Makhleb.
  5530 | D:8      | Noticed an Executioner
  5611 | D:8      | 5611 ||| Stepping ~*~*~tactically~*~*~ (outnumbered).
  5621 | D:8      | Reached skill level 11 in Unarmed Combat
  5679 | D:8      | Reached ****** piety under Cheibriados
  5691 | D:7      | 5691 ||| Successfully unshafted to D:7.
  5769 | D:7      | Found Qigaoc's General Store.
  5790 | D:7      | Bought a scroll of remove curse for 39 gold pieces
  5790 | D:7      | Bought a scroll of remove curse for 39 gold pieces
  6088 | D:7      | 6088 ||| READING scroll labeled AFAG COIN.
  6089 | D:7      | 6089 ||| READING scroll labeled ULOMEA YJ MUV.
  6090 | D:7      | 6090 ||| READING 3 scrolls of identify.
  6090 | D:7      | 6090 ||| IDENTIFYING orange potion
  6091 | D:7      | 6091 ||| READING 2 scrolls of identify.
  6091 | D:7      | 6091 ||| IDENTIFYING black potion
  6092 | D:7      | 6092 ||| DROPPING potion of magic.
  6093 | D:7      | 6093 ||| DROPPING wand of enslavement (9).
  6152 | D:8      | Noticed a harpy
  6152 | D:8      | a rime drake changed into a harpy
  6157 | D:8      | Killed a harpy
  6250 | D:8      | Noticed Psyche
  6258 | D:8      | Killed Psyche
  6345 | D:8      | Found a shadowy altar of Dithmenos.
  6938 | D:8      | 6938 ||| UPGRADING to embroidered robe.
  6948 | D:8      | 6948 ||| UPGRADING to +2 robe.
  6958 | D:8      | 6958 ||| DROPPING +1 robe.
  7389 | D:9      | Found a runed door.
  7389 | D:9      | Noticed a fire giant
  7389 | D:9      | Noticed a deep troll earth mage
  7389 | D:9      | Noticed a frost giant
  7391 | D:9      | Noticed a centaur warrior
  7393 | D:9      | Noticed a spiny frog
  7393 | D:9      | Noticed a centaur warrior
  7394 | D:9      | 7394 ||| Stepping ~*~*~tactically~*~*~ (outnumbered).
  7403 | D:9      | Noticed a black mamba
  7440 | D:9      | 7440 ||| DRINKING 2 smoky amethyst potions.
  7471 | D:9      | 7471 ||| READING 2 scrolls of identify.
  7471 | D:9      | 7471 ||| IDENTIFYING fizzy blue potion
  7472 | D:9      | 7472 ||| DROPPING potion of agility.
  7473 | D:9      | 7473 ||| DROPPING potion of lignification.
  7520 | D:10     | Entered Level 10 of the Dungeon
  7690 | D:10     | Found a portal to a secret trove of treasure.
  7936 | D:10     | 7936 ||| Stepping ~*~*~tactically~*~*~ (outnumbered).
  7938 | D:10     | 7938 ||| Stepping ~*~*~tactically~*~*~ (outnumbered).
  7939 | D:10     | 7939 ||| Stepping ~*~*~tactically~*~*~ (outnumbered).
  7949 | D:10     | HP: 22/96 [something (11)]
  7950 | D:10     | 7950 ||| READING 5 scrolls of teleportation.
  7950 | D:10     | HP: 5/96 [something (8)]
  7951 | D:10     | 7951 ||| DRINKING potion of heal wounds.
  8044 | D:10     | Reached XP level 11. HP: 69/102 MP: 12/16
  8090 | D:10     | 8090 ||| Invisible monster not found???
  8114 | D:10     | 8114 ||| Stepping ~*~*~tactically~*~*~ (outnumbered).
  8116 | D:10     | 8116 ||| Stepping ~*~*~tactically~*~*~ (outnumbered).
  8117 | D:10     | 8117 ||| Stepping ~*~*~tactically~*~*~ (outnumbered).
  8123 | D:10     | 8123 ||| Stepping ~*~*~tactically~*~*~ (outnumbered).
  8727 | D:10     | 8727 ||| READING 2 scrolls labeled DOAR HAPHIKOSM.
  8728 | D:10     | 8728 ||| READING 3 scrolls of identify.
  8728 | D:10     | 8728 ||| IDENTIFYING metallic white potion
  8729 | D:10     | 8729 ||| READING 2 scrolls of identify.
  8729 | D:10     | 8729 ||| IDENTIFYING yellow potion
  8730 | D:10     | 8730 ||| DROPPING potion of invisibility.
  8731 | D:10     | 8731 ||| DROPPING scroll of magic mapping.
  8949 | D:11     | Found a staircase to the Lair.
  8958 | D:11     | Noticed a two-headed ogre
  8966 | D:11     | Killed a two-headed ogre
  8966 | D:11     | Reached skill level 12 in Unarmed Combat
  9043 | D:11     | Noticed a purple ugly thing
  9052 | D:11     | Reached skill level 1 in Armour
  9064 | D:11     | Killed a purple ugly thing
  9065 | D:11     | 9065 ||| Stepping ~*~*~tactically~*~*~ (outnumbered).
  9372 | D:11     | 9372 ||| INVOKING Slouch.
  9380 | D:11     | Reached skill level 13 in Unarmed Combat
  9543 | Lair:1   | Entered Level 1 of the Lair of Beasts
  9544 | Lair:1   | 9544 ||| Entered L.
  9643 | Lair:1   | Noticed a seven-headed hydra
  9661 | Lair:1   | Killed a ten-headed hydra
  9661 | Lair:1   | Reached skill level 6 in Fighting
  9924 | Lair:1   | 9924 ||| Stepping ~*~*~tactically~*~*~ (outnumbered).
  9957 | Lair:1   | Reached skill level 6 in Shields
 10224 | Lair:2   | Noticed a seven-headed hydra
 10231 | Lair:2   | Killed a 12-headed hydra
 10231 | Lair:2   | Reached XP level 12. HP: 40/114 MP: 6/17
 10396 | Lair:2   | Reached skill level 6 in Dodging
 11300 | Lair:2   | 11300 ||| UPGRADING to agate ring.
 11301 | Lair:2   | 11301 ||| UPGRADING to bronze ring.
 11303 | Lair:2   | 11303 ||| UPGRADING to ring of poison resistance.
 11480 | Lair:3   | Found a staircase to the Snake Pit.
 11528 | Lair:3   | Reached skill level 14 in Unarmed Combat
 12468 | Lair:3   | Got a clouded golden ring
 12684 | Lair:3   | 12684 ||| UPGRADING to runed robe.
 12694 | Lair:3   | 12694 ||| UPGRADING to clouded golden ring.
 12695 | Lair:3   | Identified the ring "Dyvymaru" {rElec SInv} (You found it on level 3 of the Lair of Beasts)
 12696 | Lair:3   | 12696 ||| UPGRADING to ring of poison resistance.
 12698 | Lair:3   | 12698 ||| DRINKING 2 lumpy white potions.
 12698 | Lair:3   | Reached XP level 13. HP: 124/124 MP: 18/18
 12699 | Lair:3   | 12699 ||| DRINKING potion of experience.
 12699 | Lair:3   | Reached skill level 15 in Unarmed Combat
 12699 | Lair:3   | Reached XP level 14. HP: 133/133 MP: 19/19
 13334 | Lair:4   | Found a staircase to the Shoals.
 13773 | Lair:4   | 13773 ||| READING scroll labeled WEK QYOMEOT.
 13774 | Lair:4   | 13774 ||| READING scroll labeled PEICOW PEPYT.
 14235 | Lair:5   | 14235 ||| DRINKING potion of cancellation.
 14388 | Lair:5   | HP: 27/136 [14-headed hydra (8)]
 14389 | Lair:5   | 14389 ||| READING 6 scrolls of teleportation.
 14389 | Lair:5   | Slain by a 14-headed hydra

Vault maps used:
D:1:      dpeg_arrival_chambers_temple_mockup, hangedman_decor_riveting
D:2:      amethyst_overflow_temple_binary,
          chequers_ecumenical_altar_simple_redux, minmay_liquid_box,
          minivault_14
D:3:      minmay_door_path, first_ration, uniq_natasha
D:4:      grunt_temple_overflow_open, uniq_duvessa
D:5:      gammafunk_cloud_chamber, lemuel_crystal_altar,
          lightli_ossuary_entry_decrepit_ruins
D:6:      uniq_pikel, uniq_eustachio
D:7:      minmay_temple_entry_statues_pillars, kennysheep_small_square
D:8:      lemuel_round_altar, makhleb_altar_promises_db, uniq_maurice,
          uniq_psyche, uniq_joseph
D:9:      minmay_gate_of_8, lemuel_round_altar, serial_shops, shop,
          hangedman_pestilent_swarm, grunt_ministairs_10
D:10:     enter_trove_2, special_room, grunt_decor_one_mirror
D:11:     erik_lair_orcish_takeover
Temple:   cyrus_circular_temple
Lair:2:   grunt_megastairs_5, minmay_lair_oklob_chamber, lemuel_fruit_fields
Lair:3:   minmay_snake_entry_guardpost_large, worms_lemuel
Lair:4:   minmay_shoals_entry_lonely_mermaid, st_stairs_6, grunt_megastairs_2

Skill      XL: |  1  2  3  4  5  6  7  8  9 10 11 12 13 14 |
---------------+-------------------------------------------+-----
Unarmed Combat | 4 5 7 8 9 10 11 13 14 15 | 15.2
Fighting       | 3 4 5 6 7 8 |  8.0
Dodging        | 3 4 5 8 |  8.7
Shields        | 3 4 5 6 7 |  7.2
Invocations    | 2 5 8 |  8.0
Armour         | 1 |  1.3
Stealth        | |  1.0

Action                   |  1- 3 |  4- 6 |  7- 9 | 10-12 | 13-15 || total
-------------------------+-------+-------+-------+-------+-------++-------
Melee: Unarmed           |    76 |    90 |   240 |   574 |    70 ||  1050
       Punch             |       |     3 |     4 |       |       ||     7
Throw: Tomahawk          |       |     3 |    62 |   109 |    15 ||   189
       Javelin           |       |       |       |       |     5 ||     5
Invok: Slouch            |       |       |       |     1 |       ||     1
  Use: Scroll            |     2 |     5 |    10 |     9 |     3 ||    29
       Potion            |       |     2 |     6 |     3 |     2 ||    13
 Stab: Sleeping          |       |     1 |       |     1 |       ||     2
       Distracted        |       |       |       |     2 |       ||     2
  Eat: Chunk             |    15 |     7 |    20 |    51 |    13 ||   106
Armor: Robe              |    20 |    30 |    28 |    80 |     7 ||   165
Dodge: Dodged            |    34 |    39 |    42 |   105 |    38 ||   258
Block: Large shield      |       |       |    83 |   483 |    66 ||   632

Table legend:
 A = Spawn XP
 B = Non-spawn XP
 C = Spawn XP percentage of total XP
 D = Spawn monster count
 E = Non-spawn monster count
 F = Spawn count percentage of total count
 G = Total turns spent on level
                    A         B        C        D         E        F      G
               +---------+---------+-------+---------+---------+-------+---------
         Total |       0 |   35941 |   0.0 |       0 |     409 |   0.0 | 14389
               +---------+---------+-------+---------+---------+-------+---------
           D:1 |       0 |      60 |   0.0 |       0 |      23 |   0.0 |   809
           D:2 |       0 |      52 |   0.0 |       0 |      16 |   0.0 |   713
           D:3 |       0 |     462 |   0.0 |       0 |      31 |   0.0 |   689
           D:4 |       0 |     605 |   0.0 |       0 |      22 |   0.0 |   832
           D:5 |       0 |     844 |   0.0 |       0 |      16 |   0.0 |   900
           D:6 |       0 |    1108 |   0.0 |       0 |      14 |   0.0 |   430
           D:7 |       0 |    1206 |   0.0 |       0 |      32 |   0.0 |   945
           D:8 |       0 |    2857 |   0.0 |       0 |      34 |   0.0 |  1244
           D:9 |       0 |    2284 |   0.0 |       0 |      23 |   0.0 |   898
          D:10 |       0 |    2392 |   0.0 |       0 |      55 |   0.0 |  1241
          D:11 |       0 |    5469 |   0.0 |       0 |      48 |   0.0 |   782
        Lair:1 |       0 |    3714 |   0.0 |       0 |      15 |   0.0 |   680
        Lair:2 |       0 |    4810 |   0.0 |       0 |      19 |   0.0 |  1109
        Lair:3 |       0 |    5071 |   0.0 |       0 |      40 |   0.0 |  1404
        Lair:4 |       0 |    3319 |   0.0 |       0 |      14 |   0.0 |  1089
        Lair:5 |       0 |    1688 |   0.0 |       0 |       7 |   0.0 |   564
               +---------+---------+-------+---------+---------+-------+---------
